AoeStats
← Michi3052

Arena

508675286Analyzed
1v1 RM · 9d ago on Sep 23, 2026· 36m 0s· 2 players
Game mode
Random Map
Map size
Tiny (2 player)
Population
200
Speed
Normal
Resources
Standard
Victory
Conquest
Starting age
Dark Age
Ending age
Imperial Age
RankedLock teamsTeams togetherTeam positionsShared explorationLock speedFull tech treeHidden civsTurbo modeCheats
Victory
Defeat
🇪🇸 Turks · Spain
730
+15
🇳🇱 Turks · Netherlands
715
-15
niels.degraaf
11:55 Feudal Age
10:14 Loom
13:24 Double-Bit Axe
16:15 Castle Age
15:27 Horse Collar
17:21 Bloodlines
20:40 Wheelbarrow
22:20 Scale Barding Armor
26:00 Heavy Plow
26:33 Hand Cart
26:39 Husbandry
27:12 Forging
27:57 Chain Barding Armor
34:37 Imperial Age
33:30 Iron Casting
36:38 Blast Furnace
Michi3052
11:51 Feudal Age
13:48 Double-Bit Axe
17:11 Castle Age
17:13 Gold Mining
19:57 Horse Collar
24:40 Imperial Age
25:04 Bow Saw
28:12 Fletching
34:42 Padded Archer Armor
Connection lost

Rejoining the realm…

Still unreachable

The connection could not be restored.

Session expired

The server has moved on; the page needs a fresh start.